cohdb
Replays
Latest Replays
All Replays
Popular Replays
Top Player Replays
Match Explorer
How It Works
Community
CoH3 Stats
Reddit
Sign in to upload your games and track your stats! →
Sign in with Steam
Match 44590473
Unlisted
Match 44590473
Overview
Messages
Build Orders
End
Engineer Squad
Construct Weapon Support Center
M1919 Machine Gun Team
Bazooka Squad
M1919 Machine Gun Team
Air Support Center
M3 Armored Personnel Carrier
Engineer Squad
Selects Heavy Weapons
Selects Assault Carriers
Construct Motor Pool
Bazooka Squad
Selects M2HB .50cal Heavy Machine Gun
Selects Exchangeable Parts
M8 Greyhound Armored Car
Double Sortie
Grasshopper Recon Run
Construct Barracks
Riflemen Squad
Construct Medical Station
Riflemen Squad
Grenade Package
Engineer Squad
P-47 Dive Bomb
M1918 Browning Automatic Rifles
P-47 Strafing Run
P-47 Dive Bomb
M1 Anti-tank Gun Team
Grasshopper Recon Run
Riflemen Squad
Riflemen Squad
Construct Tank Depot
P-47 Strafing Run
M1 Anti-tank Gun Team
剩者为王
我真的不是驴
JT
陈浩南
Jason_Beebe
我小叮当今晚要搞事!
game
nexnbb
0
0
Comments
sign in to comment!
No comments posted yet!